 Dungeon Crawl Stone Soup version 0.29.1-12-g30fa7ad0bf (webtiles) character file.

Game seed: 11131573230162056975

7529 Sanktem7 the Fighter (level 10, -64/101 HPs)
             Began as a Minotaur Fighter on Dec 26, 2022.
             Was an Elder of Okawaru.
             Annihilated by a titanic slime creature (80 damage)
             ... on level 10 of the Dungeon.
             The game lasted 00:22:24 (8024 turns).

Sanktem7 the Fighter (Minotaur Fighter)             Turns: 8024, Time: 00:22:24

Health: -64/101    AC: 17    Str: 24    XL:     10   Next: 96%
Magic:  9/9        EV: 14    Int:  5    God:    Okawaru [****..]
Gold:   505        SH:  4    Dex: 11    Spells: 9/9 levels left

rFire   . . .      SeeInvis .   a - +0 flail {mace}
rCold   . . .      Faith    .   c - +0 buckler
rNeg    + . .      Spirit   .   e - +0 swamp dragon scales
rPois   +          Reflect  .   (helmet restricted)
rElec   .          Harm     .   y - +2 cloak
rCorr   .          Rampage  .   o - +0 pair of gloves
Will    .....                   J - +2 pair of boots
Stlth   +.........              p - amulet of regeneration {@e2}
HPRegen 1.06/turn               x - +4 ring of evasion
MPRegen 0.11/turn               i - ring of positive energy

@: unable to drink
A: horns 2, retaliatory headbutt, inability to drink after injury 1
a: Renounce Religion, Heroism, Finesse


You were on level 10 of the Dungeon.
You worshipped Okawaru.
Okawaru was greatly pleased with you.
You visited 2 branches of the dungeon, and saw 11 of its levels.
You also visited: Ossuary.

You collected 505 gold pieces.


Innate Abilities, Weirdness & Mutations

You have a pair of horns on your head.
You reflexively headbutt those who attack you in melee.
You occasionally lose the ability to drink potions when taking damage.


   Skills:
 * Level 13.2 Fighting
 * Level 13.0 Maces & Flails
 + Level 4.0 Throwing
 - Level 8.0 Armour
 + Level 3.6 Shields


You had 9 spell levels left.
You didn't know any spells.
Your spell library contained the following spells:

 Spells                   Type           Power      Damage    Failure   Level
 Blink                    Tloc           0%         N/A       83%         2
 Confusing Touch          Hex            0%         N/A       97%         3
 Lesser Beckoning         Tloc           0%         N/A       97%         3
 Manifold Assault         Tloc           0%         N/A       100%        5
 Yara's Violent Unravell  Hex/Tmut       0%         3d3       100%        5
 Enfeeble                 Hex            0%         N/A       100%        7

Inventory:

Hand Weapons
 a - a +0 flail (weapon) {mace}
 R - a +1 trident of venom {polearm}
   (You found it on level 9 of the Dungeon)
Missiles
 k - 5 stones {throwing}
 s - 8 boomerangs (quivered) {throwing}
 A - 18 poisoned darts {throwing}
 C - 3 curare-tipped darts {=fthrowing}
 M - an atropa-tipped dart {throwing}
Armour
 c - a +0 buckler (worn)
 e - +0 swamp dragon scales (worn)
   (You took it off Maggie on level 7 of the Dungeon)
 n - a +0 chain mail
   (You found it on level 1 of the Dungeon)
 o - a +0 pair of gloves (worn)
   (You found it on level 2 of the Dungeon)
 y - a +2 cloak (worn)
   (You found it on level 3 of the Dungeon)
 J - a +2 pair of boots (worn)
   (You found it on level 7 of the Dungeon)
Magical Staves
 b - a staff of cold {!astaff}
   (You took it off an orc on level 5 of the Dungeon)
Jewellery
 i - a ring of positive energy (right hand)
   (You took it off an orc on level 5 of the Dungeon)
 p - an amulet of regeneration (around neck) {@e2}
   (You found it on level 2 of the Dungeon)
 x - a +4 ring of evasion (left hand)
   (You found it on level 3 of the Dungeon)
 O - a ring of positive energy
   (You found it on level 10 of the Dungeon)
 P - a ring of poison resistance
   (You found it on level 10 of the Dungeon)
Wands
 g - a wand of paralysis (12)
   (You found it on level 8 of the Dungeon)
 v - a wand of polymorph (7)
   (You took it off Ijyb on level 3 of the Dungeon)
 w - a wand of roots (4)
   (You found it on level 3 of the Dungeon)
 N - a wand of flame (18)
   (You found it on level 7 of the Dungeon)
 Q - a wand of quicksilver (14)
   (You found it on level 8 of the Dungeon)
Scrolls
 f - a scroll of amnesia {unknown}
 l - 2 scrolls of noise {!r}
 m - 2 scrolls of poison {!r}
 u - a scroll of vulnerability {!r!r}
 B - 4 scrolls of teleportation {@r4}
 F - 2 scrolls of blinking {!r}
 G - 3 scrolls of fog
 H - a scroll of summoning
 L - a scroll of fear
 S - a scroll of identify {@r1}
Potions
 d - 5 potions of might
 h - 2 potions of flight {unknown}
 j - 2 potions of heal wounds {@q2}
 q - 6 potions of curing {@q1}
 r - a potion of lignification {!q}
 t - 3 potions of degeneration {unknown}
 z - a potion of cancellation {unknown}
 D - 3 potions of haste {@q3}
 E - a potion of mutation {!q}
 I - 2 potions of brilliance {unknown}
 K - 2 potions of invisibility {unknown}
Miscellaneous
 V - a piece from Xom's chessboard (15/15)
   (You found it on level 9 of the Dungeon)

Dungeon Overview and Level Annotations

Branches:
Dungeon (10/15) Zot: 26879  Temple (1/1) D:6 Zot: 5970    Lair (0/5) D:9
Ossuary (visited)
    Orc: D:9-12

Altars:
Dithmenos
Elyvilon
Fedhas
Hepliaklqana
Kikubaaqudgha
Makhleb
Nemelex Xobeh
Okawaru
Qazlal
Ru
Sif Muna
Trog
Uskayaw
Vehumet
Wu Jian
Xom
Yredelemnul
Zin

Shops:
D:3 [   D:5 (

Annotations:
D:8 exclusion: ice statue

##.# #.# #.# #.#
######'#### ###
#.........#### ....
+.........'..### .....
#........J##...###......
#.......@.####...'......
#.........# #####......
#......[..# .....
#.<.......# ....
########### ... .. #


You could see a titanic slime creature.


Message History

You miss something. Something hits you but does no damage.
You barely miss something.
You hear some strange, mumbled words.
A puff of flame appears from out of thin air!
The puff of flame hits you. 😕 HP[-1]
You take 1 damage, and now have 100/101 hp.
You miss something. Your headbutt misses something.
Something hits you but does no damage. 😎 HP[+1]
Your hp is fully restored (101).
You hit something but do no damage. You miss something.
Your headbutt misses something. Something hits you. 😕 HP[-1]
You take 1 damage, and now have 100/101 hp.
You closely miss something.
Something hits you but does no damage. 😎 HP[+1]
Your hp is fully restored (101).
You miss something. You headbutt something. Okawaru accepts your kill.
Reactivating autopickup.
You feel a bit more experienced.
You barely miss the orc. You headbutt the orc!
You kill the orc!
Okawaru accepts your kill. The orc hits you but does no damage.
Items here: ))) [[ ††.
You hit the orc. You block the orc's attack.
You closely miss the orc. You block the orc's attack.
You hit the orc but do no damage. Your headbutt misses the orc.
You block the orc's attack.
You sock the orc!
You kill the orc!
Okawaru accepts your kill.
No target in view!
No target in view!
No target in view!
No target in view!
No target in view!
No target in view!
No target in view!
No target in view!
No target in view!
No target in view!
Things that are here:
a +0 club {mace}; a +0 leather armour You see here a +0 rapier {short}.
You open the door.
Found a stone staircase leading up.
There is an open door here.
O - a ring of positive energy No target in view!
l - 2 scrolls of noise {!r} (gained 1)
You now have 505 gold pieces (gained 17).
You open the door.
There is an open door here.
You open the door. 4 slime creatures come into view.
The slime creature quivers. x4
There are monsters nearby!
You barely miss the slime creature. You headbutt the slime creature.
You barely miss the slime creature. The slime creature hits you!
Two slime creatures merge to form a large slime creature.
Two slime creatures merge to form a very large slime creature.
You hit the very large slime creature.
Two slime creatures merge to form an enormous slime creature.
You sock the enormous slime creature!
A slime creature comes into view.
You hit the enormous slime creature.
Two slime creatures merge to form a titanic slime creature.
You sock the titanic slime creature!
You hit the titanic slime creature but do no damage.
You headbutt the titanic slime creature.
You barely miss the titanic slime creature.
The titanic slime creature hits you!!!!
Ouch! That really hurt!
* * * LOW HITPOINT WARNING * * *
You are too injured to fight recklessly!
You are too injured to fight recklessly!
You are too injured to fight recklessly!
You are too injured to fight recklessly!
You are too injured to fight recklessly! 😱 HP[-94]
You take 94 damage, and now have 7/101 hp.
MASSIVE DAMAGE!! (PAUSE) 😱 HP[+1] 😱 HP[+1] 😱 HP[+2]
You regained 2 hp, and now have 11/101 hp. 😱 HP[+1] 😱 HP[+1]
There is an open door here. 😱 HP[+1] 😱 HP[+1] 😱 HP[+1]
The titanic slime creature attacks as you move away!
The titanic slime creature hits you!!!!
You feel threatened and lose the ability to drink potions!
Ouch! That really hurt!
You die...

Skill      XL: |  1  2  3  4  5  6  7  8  9 10 |
---------------+-------------------------------+-----
Fighting       | 4 5 6 8 9 11 13 | 13.2
Maces & Flails | 3 4 5 6 7 9 10 13 | 13.0
Armour         | 4 5 6 7 8 |  8.0
Throwing       | 2 4 |  4.0
Shields        | |  3.6

Action                   |  1- 3 |  4- 6 |  7- 9 | 10-12 || total
-------------------------+-------+-------+-------+-------++-------
Melee: Flail             |    71 |   102 |   347 |   269 ||   789
       Headbutt          |     4 |    18 |    73 |    54 ||   149
       Unarmed           |       |    19 |       |       ||    19
Throw: Boomerang         |       |       |       |    11 ||    11
  Use: Scroll            |       |       |    16 |     5 ||    21
       Potion            |       |       |     2 |       ||     2
Armor: Scale mail        |    54 |       |       |       ||    54
       Chain mail        |    10 |    49 |   284 |     2 ||   345
       Skin              |       |     2 |       |       ||     2
       Swamp dragon scal |       |       |       |   134 ||   134
Dodge: Dodged            |    37 |    68 |   284 |   151 ||   540
Block: Buckler           |    24 |    16 |   111 |    64 ||   215

Levels and vault maps discovered:
D:1:      erik_arrival_blinker_ship, layout_rooms
D:2:      layout_loops_cross, basic_altar,
          hellmonk_ecumenical_altar_pennies_from_heaven, supply_closet_lemuel,
          chequers_serial_rivers_small_a, reono_crystal_passage,
          serial_bayou_pond_d, uniq_sigmund
D:3:      layout_basic, serial_shops, nicolae_shop_behind_doors,
          minmay_three_crescents, uniq_ijyb
D:4:      layout_gridville
D:5:      layout_basic, grunt_temple_overflow_growth_and_decay, serial_shops,
          shop, amcnicky_mini_rare_corridor_liquid, uniq_eustachio, uniq_duvessa
D:6:      layout_rooms, mainiacjoe_overflow_tiny_flanked, temple_statues,
          serial_undead, serial_undead_d, serial_undead_e, serial_undead_f,
          serial_undead_b, serial_undead_f, serial_undead_a
D:7:      layout_loops_cross, nicolae_overflow_hidden_temple,
          nicolae_dithmenos_the_darkroom, uniq_joseph, uniq_pikel, uniq_maggie
D:8:      lemuel_ice_statue, layout_cave_pods, nicolae_ossuary_entry_plus
D:9:      layout_grid_maze, david_lair_generic, uniq_prince_ribbit1
D:10:     layout_roguey, uniq_snorg
Temple:   nicolae_temple_bog_church

Notes
Turn   | Place    | Note
-------+----------+-------------------------------------------
     0 | D:1      | Sanktem7 the Minotaur Fighter began the quest for the Orb.
     0 | D:1      | Reached XP level 1. HP: 19/19 MP: 0/0
     0 | D:1      | magus.rc [v1.9.6]
   213 | D:1      | Reached XP level 2. HP: 27/27 MP: 1/1
   259 | D:1      | Reached skill level 4 in Fighting
   263 | D:1      | Reached skill level 3 in Maces & Flails
   725 | D:2      | Found a faded altar of an unknown god.
   737 | D:2      | Reached XP level 3. HP: 28/33 MP: 2/2
   833 | D:2      | Reached skill level 4 in Armour
   971 | D:2      | Noticed Sigmund
   981 | D:2      | Killed Sigmund
   982 | D:2      | Reached skill level 5 in Fighting
   982 | D:2      | Reached skill level 4 in Maces & Flails
   982 | D:2      | Reached XP level 4. HP: 25/42 MP: 3/3
   982 | D:2      | Reached XP level 5. HP: 29/49 MP: 4/4
  1435 | D:2      | Reached skill level 5 in Maces & Flails
  1478 | D:2      | Found a hide-covered altar of Uskayaw.
  1714 | D:3      | Found Pobycs's Antique Armour Shop.
  1801 | D:3      | Noticed Ijyb
  1823 | D:3      | Killed Ijyb
  1824 | D:3      | Reached XP level 6. HP: 57/57 MP: 5/5
  1856 | D:3      | You pick up a book of Misfortune and begin reading...
  1856 | D:3      | You add the spells Confusing Touch, Yara's Violent
                  | Unravelling and Enfeeble to your library.
  2168 | D:3      | Reached skill level 6 in Fighting
  2316 | D:4      | Reached skill level 5 in Armour
  2603 | D:4      | Reached skill level 6 in Maces & Flails
  2757 | D:4      | Reached XP level 7. HP: 64/64 MP: 6/6
  2977 | D:5      | Entered Level 5 of the Dungeon
  3008 | D:5      | Noticed Dowan
  3015 | D:5      | Killed Dowan
  3016 | D:5      | Reached skill level 7 in Fighting
  3052 | D:5      | Noticed Duvessa
  3064 | D:5      | Killed Duvessa
  3151 | D:5      | Found Kicerhiso's Weapon Emporium.
  3250 | D:5      | Reached skill level 7 in Maces & Flails
  3307 | D:5      | Noticed Eustachio
  3345 | D:5      | Killed Eustachio
  3346 | D:5      | Reached skill level 8 in Fighting
  3346 | D:5      | Reached skill level 6 in Armour
  3346 | D:5      | Reached XP level 8. HP: 40/74 MP: 7/7
  3926 | D:5      | Found a blossoming altar of Fedhas.
  3926 | D:5      | Found an ancient bone altar of Kikubaaqudgha.
  4071 | D:5      | Gained mutation: You occasionally lose the ability to drink
                  | potions when taking damage. [potion of mutation]
  4104 | D:6      | Reached skill level 8 in Maces & Flails
  4122 | D:6      | Reached skill level 1 in Throwing
  4134 | D:6      | Reached skill level 9 in Fighting
  4219 | D:6      | Reached skill level 7 in Armour
  4256 | D:6      | Reached skill level 9 in Maces & Flails
  4256 | D:6      | Reached skill level 2 in Throwing
  4268 | D:6      | Reached XP level 9. HP: 76/84 MP: 8/8
  4334 | D:6      | Found a staircase to the Ecumenical Temple.
  4358 | Temple   | Entered the Ecumenical Temple
  4373 | Temple   | Became a worshipper of Warmaster Okawaru
  4399 | D:6      | Found a hide-covered altar of Uskayaw.
  4623 | D:7      | Noticed Pikel
  4623 | D:7      | Found a shadowy altar of Dithmenos.
  4646 | D:7      | Killed Pikel
  4646 | D:7      | Reached * piety under Okawaru
  4647 | D:7      | Reached skill level 10 in Fighting
  4647 | D:7      | Reached skill level 3 in Throwing
  4676 | D:7      | You pick up a book of Spatial Translocations and begin
                  | reading...
  4676 | D:7      | You add the spells Blink, Lesser Beckoning and Manifold
                  | Assault to your library.
  4737 | D:7      | Noticed Maggie
  4748 | D:7      | HP: 19/86 [Maggie/+1 vorpal war axe (4)]
  4752 | D:7      | HP: 7/86 [orc warrior/+0 halberd (4)]
  4757 | D:7      | Reached skill level 10 in Maces & Flails
  4770 | D:7      | HP: 21/86 [orc warrior/+0 halberd (5)]
  4888 | D:7      | Reached ** piety under Okawaru
  4889 | D:7      | Reached skill level 8 in Armour
  4902 | D:7      | Killed Maggie
  4903 | D:7      | Reached skill level 11 in Fighting
  4999 | D:7      | Noticed Joseph
  5025 | D:7      | Killed Joseph
  5026 | D:7      | Reached skill level 4 in Throwing
  5026 | D:7      | Reached XP level 10. HP: 29/96 MP: 9/9
  5028 | D:7      | Reached skill level 11 in Maces & Flails
  5443 | D:7      | Found a glowing silver altar of Zin.
  5791 | D:8      | Found a sand-covered staircase.
  5799 | Ossuary  | Entered an ossuary
  6386 | D:8      | Noticed an ice statue
  6541 | D:9      | Reached *** piety under Okawaru
  6570 | D:9      | Noticed Prince Ribbit
  6594 | D:9      | Killed Prince Ribbit
  6638 | D:9      | Noticed an elephant
  6656 | D:9      | Reached skill level 12 in Fighting
  6767 | D:9      | Reached skill level 12 in Maces & Flails
  6829 | D:9      | Found a staircase to the Lair.
  6892 | D:9      | Noticed a two-headed ogre
  6905 | D:9      | Killed a two-headed ogre
  7130 | D:9      | Reached **** piety under Okawaru
  7391 | D:9      | Reached skill level 13 in Fighting
  7731 | D:9      | Killed an elephant
  7731 | D:9      | Received a gift from Okawaru
  7732 | D:9      | Reached skill level 13 in Maces & Flails
  7895 | D:10     | Entered Level 10 of the Dungeon
  8015 | D:10     | HP: 7/101 [titanic slime creature (87)]
  8024 | D:10     | Annihilated by a titanic slime creature

Vanquished Creatures
  A two-headed ogre (D:9)
  Pikel (D:7)
  Joseph (D:7)
  An elephant (D:9)
  Maggie (D:7)
  A hornet (D:9)
  Prince Ribbit (D:9)
  Sigmund (D:2)
  A basilisk (D:9)
  Eustachio (D:5)
  2 wyverns (D:9)
  A steam dragon (D:7)
  An acid dragon (D:9)
  Duvessa (D:5)
  4 orc warriors
  2 black bears
  2 ice beasts (D:7)
  A sky beast (D:7)
  3 centaurs
  3 lemures (D:7)
  2 kobold brigands (D:9)
  3 phantoms (D:6)
  2 bullfrogs
  4 scorpions
  A wyvern skeleton (D:6)
  6 wights
  Dowan (D:5)
  3 water moccasin zombies (D:6)
  2 water moccasin skeletons (D:6)
  2 howler monkeys (D:5)
  4 hounds
  A jelly (D:4)
  4 bullfrog zombies (D:6)
  6 centaur zombies
  8 orc priests
  2 bullfrog skeletons (D:6)
  2 iguanas
  Ijyb (D:3)
  12 orc wizards
  A killer bee zombie (D:6)
  5 mummies (Ossuary)
  2 howler monkey zombies (D:6)
  7 gnolls
  10 adders
  A white imp (D:7)
  An ufetubus (D:6)
  3 worms
  A dart slug (D:1)
  39 orcs
  An endoplasm (D:1)
  4 goblins
  6 hobgoblins
  7 jackals
  7 quokkas
  7 ball pythons
  5 bats
  4 frilled lizards
  5 hobgoblin zombies (Ossuary)
  11 kobolds
  6 rats
229 creatures vanquished.

Vanquished Creatures (others)
  A gnoll (D:7)
  A plant (D:5)
  5 withered plants
7 creatures vanquished.

Grand Total: 236 creatures vanquished

Table legend:
 A = Non-vault XP
 B = Vault XP
 C = Vault XP percentage of total XP
 D = Non-vault monster count
 E = Vault monster count
 F = Vault count percentage of total count
                 A         B        C        D         E       F
            +---------+---------+-------+---------+---------+-------
      Total |    5818 |    4939 |  45.9 |     173 |      53 |  23.5
            +---------+---------+-------+---------+---------+-------
        D:1 |      35 |       0 |   0.0 |      21 |       0 |   0.0
        D:2 |      72 |     239 |  76.8 |      20 |       1 |   4.8
        D:3 |      23 |      51 |  68.9 |       6 |       7 |  53.8
        D:4 |     381 |       0 |   0.0 |      17 |       0 |   0.0
        D:5 |     554 |     417 |  42.9 |      21 |       3 |  12.5
        D:6 |     484 |    1132 |  70.0 |      15 |      19 |  55.9
        D:7 |    1034 |    1491 |  59.0 |      19 |       3 |  13.6
        D:8 |     508 |       0 |   0.0 |      14 |       0 |   0.0
        D:9 |    2601 |    1283 |  33.0 |      32 |       5 |  13.5
       D:10 |     126 |       0 |   0.0 |       8 |       0 |   0.0
    Ossuary |       0 |     326 | 100.0 |       0 |      15 | 100.0
            +---------+---------+-------+---------+---------+-------

Illustrated notes

Table legend:
 A = Kills in this place as a percentage of kills in entire the game.
 B = Kills by you in this place as a percentage of kills by you in the entire game.
 C = Kills by friends in this place as a percentage of kills by friends in the entire game.
 D = Other kills in this place as a percentage of other kills in the entire game.
 E = Experience gained in this place as a percentage of experience gained in the entire game.
 F = Experience gained in this place divided by the number of levels of this place that you have seen.
                   A       B       C       D       E      F
               +-------+-------+-------+-------+-------+----------------------
         Total | 100.0 | 100.0 |   N/A |   N/A | 100.0 | 896.4
       Dungeon |  93.4 |  93.4 |   N/A |   N/A |  97.0 | 1043.1
       Ossuary |   6.6 |   6.6 |   N/A |   N/A |   3.0 | 326.0
               +-------+-------+-------+-------+-------+----------------------

Table legend: (Time is in decaauts)
 A = Elapsed time spent in this place.
 B = Non-inter-level travel time spent in this place.
 C = Inter-level travel time spent in this place.
 D = Time resting spent in this place.
 E = Time spent auto-exploring this place.
 F = Levels seen in this place.
 G = Mean time per level.
                   A        B        C        D        E       F      G
               +--------+--------+--------+--------+--------+-----+--------+
         Total |   8040 |   7739 |    301 |    120 |   5804 |  12 |  670.0 |
       Dungeon |   7920 |   7619 |    301 |    120 |   5775 |  10 |  792.0 |
        Temple |     30 |     30 |      0 |      0 |      7 |   1 |   30.0 |
       Ossuary |     89 |     89 |      0 |      0 |     22 |   1 |   89.0 |
               +--------+--------+--------+--------+--------+-----+--------+

Top non-repeatable levels by time:
     D:9: 1357 daAuts
     D:5: 1126 daAuts
     D:7: 963 daAuts
     D:2: 923 daAuts
     D:8: 787 daAuts
     D:1: 737 daAuts
     D:4: 714 daAuts
     D:3: 641 daAuts
     D:6: 548 daAuts
    D:10: 121 daAuts
 Ossuary: 89 daAuts
  Temple: 30 daAuts
